 Dungeon Crawl Stone Soup version 0.23.0-33-g5e6c059 (webtiles) character file.

Game seed: 0

32840 Lanoc the Fencer (level 13, -4/96 HPs)
             Began as an Octopode Chaos Knight on Feb 26, 2019.
             Was a Plaything of Xom.
             Slain by a warg (5 damage)
             ... on level 1 of the Orcish Mines.
             The game lasted 00:52:49 (18911 turns).

Lanoc the Fencer (Octopode Chaos Knight)           Turns: 18911, Time: 00:52:50

Health: -4/96      AC:  4    Str: 11 (12) XL:     13   Next: 67%
Magic:  11/11      EV: 21    Int: 15      God:    Xom [....*.]
Gold:   2985       SH:  5    Dex: 15      Spells: 9/12 levels left

rFire    + . .     SeeInvis +   E - +6 falchion (freeze)
rCold    . . .     Gourm    +   w - +0 buckler
rNeg     + . .     Faith    .   n - +1 hat
rPois    +         Spirit   .   h - amulet of the gourmand
rElec    .         Reflect  .   y - ring of positive energy
rCorr    .         Harm     .   G - ring of see invisible
MR       +....     Clarity  +   (no ring)
Stlth    ++........             (no ring)
HPRegen  0.26/turn              (no ring)
MPRegen  0.12/turn              (no ring)
                                (no ring)
                                (no ring)

@: no status effects
A: almost no armour, stealthy swim, amphibious, 8 rings, constrict 8, tentacle
spike 2, thin metallic scales 1, camouflage 1, blurry vision 1, clarity,
deterioration 1, fire resistance 1, low mp 1, magic resistance 1, poison
resistance, screaming 1, gelatinous body 1
a: Renounce Religion


You were on level 1 of the Orcish Mines.
You worshipped Xom.
You were a beloved toy of Xom.
You were very full.

You visited 3 branches of the dungeon, and saw 17 of its levels.
You visited the Abyss 1 time.

You collected 2985 gold pieces.

Inventory:

Hand Weapons
 D - a +0 triple sword
 E - a +6 falchion of freezing (weapon)
 I - the +4 dagger "Morg" {pain, MR+ Int+5}
   (You found it on level 13 of the Dungeon)

   In the hands of one skilled in necromantic magic, it inflicts extra damage on
   living creatures.
   It affects your intelligence (+5).
   It affects your resistance to hostile enchantments.
Missiles
 c - an exploding tomahawk (quivered)
Armour
 n - a +1 hat (worn)
 w - a +0 buckler (worn)
 C - the +5 large shield of Claustrophobia {Str+3 Dex+6}
   (Xom gifted it to you on level 9 of the Dungeon)

   It affects your strength (+3).
   It affects your dexterity (+6).
Jewellery
 h - an amulet of the gourmand (around mantle)
 y - a ring of positive energy (left tentacle)
 G - a ring of see invisible (right tentacle)
Wands
 p - a wand of flame (62)
 t - a wand of disintegration (3)
Scrolls
 d - a scroll of teleportation {unknown}
 e - a scroll of immolation
 f - 7 scrolls of remove curse
 g - 2 scrolls of amnesia
 l - a scroll of torment
 m - 3 scrolls of magic mapping
 q - 4 scrolls of enchant weapon
 v - a scroll of blinking
 A - a scroll of fog
 J - a scroll of enchant armour {unknown}
Potions
 j - 5 potions of brilliance
 o - 2 potions of flight
 s - 3 potions of resistance
 x - a potion of magic
 B - a potion of lignification
Miscellaneous
 F - a lamp of fire (inert)
Comestibles
 b - 41 rations


   Skills:
 + Level 11.7 Fighting
 * Level 15.5 Long Blades
 + Level 11.5 Dodging
 - Level 4.1 Shields


You had 9 spell levels left.
You knew the following spells:

 Your Spells              Type           Power        Failure   Level  Hunger
a - Apportation           Tloc           #.....       26%         1    ##.....
b - Passwall              Tmut/Erth      #.......     38%         2    ###....

Your spell library contained the following spells:

 Spells                   Type           Power        Failure   Level  Hunger
 Animate Skeleton         Necr           N/A          26%         1    ##.....
 Confusing Touch          Hex            #.....       26%         1    ##.....
 Freeze                   Ice            #...         26%         1    ##.....
 Sandblast                Erth           #.....       26%         1    ##.....
 Summon Small Mammal      Summ           #...         26%         1    ##.....
 Throw Frost              Conj/Ice       #.....       38%         2    ###....
 Ozocubu's Armour         Chrm/Ice       #.......     63%         3    ####...
 Stone Arrow              Conj/Erth      #.....       63%         3    ####...
 Petrify                  Tmut/Erth      #.......     95%         4    #####..
 Summon Ice Beast         Ice/Summ       #.......     95%         4    #####..
 Throw Icicle             Conj/Ice       #.......     95%         4    #####..
 Bolt of Magma            Conj/Fire/Erth #.........   100%        5    ######.
 Iskenderun's Battlesphe  Conj/Chrm      #.......     100%        5    ######.
 Lee's Rapid Deconstruct  Erth           #.........   100%        5    ######.
 Venom Bolt               Conj/Pois      #.........   100%        5    ######.
 Iron Shot                Conj/Erth      #.........   100%        6    #######
 Orb of Destruction       Conj           #.........   100%        7    #######
 Spellforged Servitor     Conj/Summ      #.........   100%        7    #######


Dungeon Overview and Level Annotations

Branches:
Dungeon (15/15)            Temple (1/1) D:4            Lair (0/6) D:11
    Orc (1/2) D:9          Vaults (0/5) D:14         Depths (0/5) D:15

Altars:
Ashenzari
Cheibriados
Dithmenos
Elyvilon
Fedhas
Gozag
Hepliaklqana
Kikubaaqudgha
Makhleb
Nemelex Xobeh
Okawaru
Qazlal
Ru
Sif Muna
Trog
Uskayaw
Vehumet
Wu Jian
Xom
Yredelemnul
Zin
The Shining One

Shops:
D:3 *   D:13 =   D:14 %

Portals:
Bailey: Orc:1

Annotations:
D:11 3 runed translucent doors, Anon1729's ghost, journeyman NaGl
D:12 1 runed translucent door, Monsterracer's ghost, novice DEGl
D:14 exclusion: Roxanne, Roxanne


Innate Abilities, Weirdness & Mutations

You cannot wear most types of armour.
You are very stealthy in the water. (Stealth+)
You are amphibious.
You can wear up to eight rings at the same time.
You can use your tentacles to constrict eight enemies at once.
Your skin changes colour to match your surroundings (Stealth+).
Your rubbery body absorbs attacks. (AC +1, EV +1)
One of your tentacles bears a nasty spike.
You are partially covered in thin metallic scales. (AC +2)
Scrolls take you a little longer to read.
You possess an exceptional clarity of mind.
Your body sometimes deteriorates upon taking damage.
Your flesh is heat resistant. (rF+)
Your magical capacity is low. (-10% MP)
You are resistant to hostile enchantments. (MR+)
Your system is resistant to poisons. (rPois)
You occasionally shout uncontrollably at your foes.


Message History

The warg is lightly wounded.
The orc closely misses you. You block the warg's attack.
You closely miss the warg.
The warg is lightly wounded.
The orc hits you but does no damage. The warg completely misses you.
The warg bites you!
* * * LOW HITPOINT WARNING * * *
Okay, then.
Okay, then.
Really read with blurry vision while enemies are nearby?
The orc hits you from afar with a +0 trident!
* * * LOW HITPOINT WARNING * * *
You begin reading the scroll.
You continue reading the scroll.
The warg misses you.
The orc wizard casts a spell.
The orc wizard blinks!
The ogre misses you.
You riposte.
You slash the ogre! You freeze the ogre.
You pierce the ogre.
The ogre is heavily wounded.
The orc hits you but does no damage. The warg bites you.
You die...

..... ...#.><.)## .......
..#o..).)..#
##...#......o.§....##
............#.....o.#
.........#........o.###
..........#.o≈≈≈≈≈oo#.##
#.......o..≈#####)o...#
####......O..≈#...#§)o..#
..#.......@h$≈#.∩).§[§..#
.......)...$≈#..)#)§....#
#......#...≈#####≈.....#
##..#..)#...≈≈≈≈≈≈≈.##.##
#...#....#..........# ##
#......#......####
##.##.#......#
##.#####..$.## #...##
#...##


You could see a warg, an ogre, an orc wizard and 2 orcs.

Vanquished Creatures
  Rupert (D:14)
  An ogre mage (D:15)
  A vault guard (D:15)
  A centaur warrior (D:13)
  3 two-headed ogres
  Urug (D:11)
  3 unseen horrors
  A glowing orange brain (D:13)
  An orc knight (D:15)
  A manticore (shapeshifter) (D:13)
  A deep elf mage (D:12)
  2 manticores
  2 cyclopes (D:14)
  2 ugly things
  An orc sorcerer (Orc:1)
  A moth of wrath (D:11)
  An eye of devastation (D:14)
  Joseph (D:10)
  Maurice (D:12)
  A black mamba (shapeshifter) (D:14)
  A gargoyle (D:14)
  A kobold demonologist (D:15)
  A komodo dragon (D:15)
  5 trolls
  2 meliai (D:13)
  A blink frog (D:10)
  3 hippogriffs
  A blink frog (shapeshifter) (D:5)
  3 wraiths
  10 yaks
  A wyvern (D:13)
  2 hogs (D:7)
  12 humans
  5 hungry ghosts
  4 vampire mosquitoes (D:13)
  3 wargs
  An acid dragon (D:13)
  A water moccasin (D:5)
  A black bear (D:11)
  6 orc warriors
  A sky beast (D:7)
  A swamp drake (D:10)
  4 ice beasts
  2 eyes of draining
  6 ogres
  2 necrophages
  A phantom (D:5)
  A wolf (D:8)
  7 centaurs
  3 crocodiles
  A big kobold (D:15)
  9 bullfrogs
  5 scorpions
  2 wyvern skeletons (D:12)
  6 killer bees (D:13)
  17 wights
  3 howler monkeys
  2 vampire bats (D:4)
  7 crimson imps
  A quasit (D:5)
  2 bullfrog zombies
  12 hounds
  16 orc wizards
  7 centaur skeletons
  A gnoll shaman (D:5)
  9 orc priests
  3 jellies
  4 bullfrog skeletons
  5 iguanas
  11 worker ants
  A hound skeleton (D:7)
  A hound zombie (D:5)
  Robin (D:2)
  2 howler monkey zombies
  A worker ant zombie (D:5)
  3 gnolls (D:5)
  11 adders
  2 oozes
  2 adder skeletons
  A worm (D:2)
  A dart slug (D:2)
  7 leopard geckos
  47 orcs
  11 bats
  2 bat skeletons (D:4)
  4 bat zombies (D:4)
  7 giant cockroaches
  14 goblins
  10 hobgoblins
  14 jackals
  10 kobolds
  5 quokkas
  2 ball pythons (D:4)
  6 frilled lizards
  2 jackal skeletons
  A leopard gecko skeleton (D:4)
  A quokka skeleton (D:10)
  12 rats
423 creatures vanquished.

Vanquished Creatures (collateral kills)
  A centaur warrior (D:14)
  A troll (D:14)
  2 hogs (D:7)
  Menkaure (D:7)
  A big kobold (D:7)
  A gnoll sergeant (D:7)
  A crimson imp (D:7)
  5 gnolls (D:7)
  4 kobolds (D:7)
17 creatures vanquished.

Vanquished Creatures (others)
  A worm (D:4)
  A goblin (Orc:1)
2 creatures vanquished.

Grand Total: 442 creatures vanquished

Notes
Turn   | Place    | Note
-------+----------+-------------------------------------------
     0 | D:1      | Lanoc the Octopode Chaos Knight began the quest for the
                  | Orb.
     0 | D:1      | Reached XP level 1. HP: 16/16 MP: 1/1
   225 | D:1      | Reached XP level 2. HP: 13/21 MP: 2/2
   238 | D:1      | XOM: 2-stop teleportation journey
   299 | D:1      | XOM: draining
   375 | D:1      | XOM: give mutations
   375 | D:1      | Gained mutation: Scrolls take you a little longer to read.
                  | [Xom's mischief]
   375 | D:1      | Gained mutation: You are partially covered in thin metallic
                  | scales. (AC +2) [Xom's mischief]
   580 | D:1      | XOM: medium Hex miscast
   638 | D:1      | Reached XP level 3. HP: 26/26 MP: 3/3
   838 | D:1      | XOM: mild Necr miscast
  1196 | D:2      | Reached skill level 4 in Long Blades
  1196 | D:2      | Reached XP level 4. HP: 22/30 MP: 4/4
  1380 | D:2      | Found a shimmering altar of Xom.
  1382 | D:2      | Found a shimmering altar of Xom.
  1384 | D:2      | Found a shimmering altar of Xom.
  1384 | D:2      | Found a shimmering altar of Xom.
  1887 | D:2      | XOM: 1-stop teleportation journey
  2021 | D:2      | Noticed Robin
  2032 | D:2      | Killed Robin
  2035 | D:2      | Reached XP level 5. HP: 18/36 MP: 5/5
  2468 | D:3      | XOM: cloud trail
  2532 | D:3      | Found Gozag's Platinum Reserve.
  2535 | D:3      | Found an opulent altar of Gozag.
  2894 | D:3      | XOM: divination: detect items
  3023 | D:4      | Reached skill level 5 in Long Blades
  3039 | D:4      | XOM: scenery: create altars
  3069 | D:4      | Found a staircase to the Ecumenical Temple.
  3080 | D:4      | Reached XP level 6. HP: 42/42 MP: 6/6
  3090 | Temple   | Entered the Ecumenical Temple
  3236 | D:4      | XOM: 1-stop teleportation journey
  3289 | D:4      | XOM: cast spell 'Olgreb's Toxic Radiance'
  3461 | D:4      | XOM: god gift: 15 stones
  3481 | D:4      | XOM: fog
  3486 | D:4      | Reached XP level 7. HP: 48/48 MP: 7/7
  3493 | D:4      | Found a blossoming altar of Fedhas.
  3544 | D:4      | XOM: divination: detect creatures
  3679 | D:4      | XOM: scenery: 2 fountains blood, 3 doors close
  3691 | D:4      | Found an ancient bone altar of Kikubaaqudgha.
  3697 | D:4      | Reached skill level 6 in Long Blades
  3734 | D:5      | Entered Level 5 of the Dungeon
  3752 | D:5      | XOM: cast spell 'Summon Butterflies'
  3793 | D:4      | XOM: harmless Hex miscast
  4016 | D:5      | Reached skill level 5 in Fighting
  4033 | D:5      | Learned a level 1 spell: Apportation
  4040 | D:5      | XOM: potion effect (haste)
  4045 | D:5      | XOM: potion effect (agility)
  4061 | D:5      | XOM: potion effect (invisibility)
  4085 | D:5      | Reached XP level 8. HP: 39/55 MP: 8/8
  4211 | D:5      | XOM: divination: detect creatures
  4213 | D:5      | Reached skill level 7 in Long Blades
  4215 | D:5      | Reached skill level 5 in Dodging
  4527 | D:5      | XOM: confuse monster(s)
  4593 | D:5      | XOM: potion effect (brilliance)
  4817 | D:5      | Noticed a shapeshifter
  4817 | D:5      | an orc changed into a shapeshifter
  4817 | D:5      | Noticed a blink frog
  4817 | D:5      | a shapeshifter changed into a blink frog
  4821 | D:5      | Killed a blink frog
  4821 | D:5      | Reached skill level 8 in Long Blades
  4885 | D:5      | XOM: harmless Necr miscast
  4929 | D:5      | XOM: confuse monster(s)
  5483 | D:6      | XOM: harmless Fire miscast
  5489 | D:6      | Reached XP level 9. HP: 62/62 MP: 9/9
  5490 | D:6      | Found a burning altar of Makhleb.
  5564 | D:6      | XOM: summons 2 hostile demons
  5877 | D:6      | XOM: summons 1 hostile demon
  5879 | D:6      | XOM: 8-stop teleportation journey
  5973 | D:6      | Reached skill level 9 in Long Blades
  6106 | D:6      | XOM: give mutations
  6106 | D:6      | Gained mutation: You are weak. (Str -2) [Xom's mischief]
  6106 | D:6      | Gained mutation: Your body sometimes deteriorates upon
                  | taking damage. [Xom's mischief]
  6187 | D:7      | Noticed a +0 hand axe
  6188 | D:7      | Noticed a +0 hand axe
  6304 | D:7      | Found a deep blue altar of Sif Muna.
  6334 | D:7      | Found a hide-covered altar of Uskayaw.
  6547 | D:7      | Reached skill level 10 in Long Blades
  6645 | D:7      | Noticed Menkaure
  6658 | D:7      | Killed Menkaure
  6730 | D:7      | Reached XP level 10. HP: 56/71 MP: 10/10
  6783 | D:7      | XOM: harmless Necr miscast
  7076 | D:8      | Reached skill level 1 in Shields
  7358 | D:8      | XOM: confusion (+ monsters)
  7361 | D:8      | XOM: medium Pois miscast
  8060 | D:8      | XOM: give mutations
  8060 | D:8      | Gained mutation: You occasionally shout uncontrollably at
                  | your foes. [Xom's mischief]
  8060 | D:8      | Gained mutation: Your magical capacity is low. (-10% MP)
                  | [Xom's mischief]
  8175 | D:9      | Found a shimmering altar of Xom.
  8198 | D:9      | XOM: confuse monster(s)
  8216 | D:9      | Found a staircase to the Orcish Mines.
  8277 | D:9      | Found a hazy altar of Hepliaklqana.
  8277 | D:9      | Found a white marble altar of Elyvilon.
  8302 | D:9      | XOM: scenery: 1 doors open, 1 doors close
  8579 | D:9      | XOM: harmless Ice miscast
  8613 | D:9      | XOM: noise
  8700 | D:8      | XOM: god gift: 2050 gold pieces
  8787 | D:8      | XOM: mild Erth miscast
  8799 | D:8      | XOM: give mutations
  8799 | D:8      | Lost mutation: You are weak. (Str -2) [Xom's grace]
  8799 | D:8      | Gained mutation: You are resistant to hostile enchantments.
                  | (MR+) [Xom's grace]
  8969 | D:9      | XOM: god gift: steaming large shield {god gift}
  8972 | D:9      | Got a steaming large shield {god gift}
  9159 | D:9      | XOM: give mutation
  9159 | D:9      | Gained mutation: Your system is resistant to poisons.
                  | (rPois) [Xom's grace]
  9330 | D:10     | Entered Level 10 of the Dungeon
  9330 | D:10     | Found a shadowy altar of Dithmenos.
  9334 | D:10     | XOM: cast spell 'Alistair's Intoxication'
  9573 | D:10     | XOM: scenery: 1 doors open
  9574 | D:10     | XOM: fog
  9586 | D:9      | XOM: scenery: 3 doors close
  9763 | D:10     | XOM: 5-stop teleportation journey
  9810 | D:10     | Identified the +5 large shield of Claustrophobia {Str+3
                  | Dex+6} (Xom gifted it to you on level 9 of the Dungeon)
  9838 | D:10     | XOM: scenery: 3 doors open
  9841 | D:10     | Reached skill level 11 in Long Blades
 10093 | D:10     | XOM: polymorph hound -> blink frog
 10243 | D:10     | XOM: god gift: weird runed staff {god gift}
 10350 | D:10     | Noticed Joseph
 10357 | D:10     | Cast into level 1 of the Abyss (Joseph)
 10357 | D:10     | Escaped the Abyss
 10357 | D:10     | XOM: revert banishment
 10364 | D:10     | Killed Joseph
 10391 | D:10     | XOM: polymorph orc warrior -> swamp drake
 10539 | D:10     | XOM: polymorph adder -> leopard gecko
 10582 | D:10     | Got a crystal flail
 10583 | D:10     | Identified the +5 flail "Uvaxeysesh" {flame, Int+7} (You
                  | found it on level 10 of the Dungeon)
 10679 | D:10     | XOM: cloud trail
 10808 | D:11     | Reached XP level 11. HP: 70/78 MP: 9/9
 10809 | D:11     | XOM: confuse monster(s)
 10811 | D:11     | Noticed a manticore
 10829 | D:11     | XOM: 5-stop teleportation journey
 10880 | D:11     | Noticed a cyclops
 10881 | D:11     | Noticed a moth of wrath
 10881 | D:11     | a cyclops changed into a moth of wrath
 10881 | D:11     | XOM: polymorph cyclops -> moth of wrath
 10889 | D:11     | Killed a moth of wrath
 11109 | D:11     | Found a runed translucent gate.
 11110 | D:11     | Found a runed translucent gate.
 11110 | D:11     | Found a runed translucent gate.
 11137 | D:11     | XOM: cast spell 'Summon Horrible Things'
 11139 | D:11     | Found a staircase to the Lair.
 11139 | D:11     | XOM: 3-stop teleportation journey
 11240 | D:11     | XOM: potion effect (heal wounds)
 11265 | D:11     | XOM: scenery: create altars
 11266 | D:11     | Killed a manticore
 11266 | D:11     | Reached skill level 12 in Long Blades
 11401 | D:11     | XOM: god gift: 24 stones
 11570 | D:11     | Noticed Anon1729's ghost (journeyman NaGl)
 11594 | D:11     | Learned a level 2 spell: Passwall
 11762 | D:11     | XOM: give mutation
 11762 | D:11     | Gained mutation: One of your tentacles bears a spike.
                  | [Xom's grace]
 11785 | D:11     | Noticed a two-headed ogre
 11785 | D:11     | XOM: summons friendly ufetubus
 11792 | D:11     | Killed a two-headed ogre
 11832 | D:11     | Noticed a red ugly thing
 11835 | D:11     | Noticed Urug
 11841 | D:11     | XOM: divination: detect creatures
 11851 | D:10     | XOM: harmless Chrm miscast
 11855 | D:10     | XOM: enchant monster (good)
 11858 | D:10     | Killed a red ugly thing
 12127 | D:11     | XOM: divination: magic mapping
 12180 | D:11     | XOM: enchant monster (good)
 12186 | D:11     | XOM: harmless Fire miscast
 12187 | D:11     | XOM: swap monsters
 12196 | D:11     | Killed Urug
 12689 | D:12     | XOM: stealth player
 12719 | D:12     | Noticed an unseen horror
 12725 | D:12     | Killed an unseen horror
 12757 | D:12     | Noticed Maurice
 12767 | D:12     | Killed Maurice
 12814 | D:12     | XOM: confuse monster(s)
 12821 | D:12     | Reached skill level 13 in Long Blades
 12834 | D:12     | Found a runed translucent door.
 12837 | D:12     | Noticed Monsterracer's ghost (novice DEGl)
 12885 | D:12     | XOM: divination: magic mapping
 12917 | D:12     | XOM: smoke on damage
 13088 | D:12     | Noticed a deep elf mage
 13093 | D:12     | Killed a deep elf mage
 13093 | D:12     | Reached XP level 12. HP: 80/87 MP: 10/10
 13100 | D:12     | XOM: god gift: 4 rations
 13466 | D:13     | XOM: cast spell 'Summon Butterflies'
 13487 | D:13     | Reached skill level 10 in Fighting
 13508 | D:13     | XOM: summons 2 friendly demons
 13527 | D:13     | Noticed a centaur warrior
 13537 | D:13     | Killed a centaur warrior
 13766 | D:13     | Found Wororaev's Jewellery Boutique.
 13926 | D:13     | XOM: god gift: 15 gold pieces
 14124 | D:13     | XOM: god gift: 3 rations
 14150 | D:13     | Found the +4 dagger "Morg" {pain, MR+ Int+5}
 14190 | D:13     | XOM: cast spell 'Summon Horrible Things'
 14193 | D:13     | Reached skill level 10 in Dodging
 14225 | D:13     | XOM: cleaving
 14237 | D:13     | XOM: polymorph bullfrog -> scorpion
 14424 | D:13     | XOM: potion effect (berserk rage)
 14443 | D:13     | Noticed a two-headed ogre
 14446 | D:13     | a two-headed ogre changed into a glowing orange brain
 14446 | D:13     | XOM: polymorph two-headed ogre -> glowing orange brain
 14652 | D:13     | XOM: 3-stop teleportation journey
 14735 | D:13     | XOM: fake destruction
 14744 | D:13     | Reached skill level 14 in Long Blades
 14970 | D:13     | XOM: polymorph meliai -> glowing shapeshifter
 14999 | D:13     | XOM: cloud trail
 15014 | D:13     | XOM is BORED!
 15347 | D:13     | XOM: god gift: potion of brilliance
 15408 | D:14     | Noticed a tengu warrior
 15414 | D:14     | XOM: cast spell 'Metabolic Englaciation'
 15417 | D:14     | a tengu warrior changed into an eye of devastation
 15417 | D:14     | XOM: polymorph tengu warrior -> eye of devastation
 15602 | D:14     | XOM: scenery: 1 doors open, 1 doors close
 15896 | D:14     | XOM: give mutations
 15896 | D:14     | Gained mutation: You possess an exceptional clarity of
                  | mind. [Xom's grace]
 15896 | D:14     | Gained mutation: One of your tentacles bears a nasty spike.
                  | [Xom's grace]
 15896 | D:14     | Gained mutation: Your flesh is heat resistant. (rF+) [Xom's
                  | grace]
 15903 | D:14     | Found Saeshrosm's Food Emporium.
 15921 | D:14     | Noticed a centaur warrior
 15923 | D:14     | XOM: summons friendly crimson imp
 15944 | D:14     | Killed a centaur warrior
 16129 | D:14     | XOM: 1-stop teleportation journey
 16193 | D:14     | XOM: summons 2 friendly demons
 16217 | D:14     | Found a white marble altar of Elyvilon.
 16376 | D:14     | Reached XP level 13. HP: 90/94 MP: 11/11
 16397 | D:14     | Noticed a vault guard
 16412 | D:14     | XOM: confuse monster(s)
 16419 | D:14     | XOM: god gift: scroll of enchant weapon
 16450 | D:14     | Identified the cursed +2 great mace of Yxzum {venom, +Inv
                  | rC+++ MR+ Stlth+}
 16522 | D:14     | Noticed Roxanne
 16522 | D:14     | XOM: summons friendly white imp
 16538 | D:14     | XOM: smoke on damage
 16549 | D:14     | XOM: fake destruction
 16576 | D:14     | XOM: harmless Pois miscast
 16820 | D:14     | Found a gate to the Vaults.
 16878 | D:14     | Noticed Rupert
 16878 | D:14     | XOM: 3-stop teleportation journey
 17120 | D:14     | Reached skill level 15 in Long Blades
 17245 | D:14     | Paralysed by Rupert for 6 turns
 17253 | D:14     | XOM: scenery: 3 doors open, 1 doors close
 17254 | D:14     | XOM: cleaving
 17260 | D:14     | Killed Rupert
 17346 | D:15     | XOM: stealth player
 17346 | D:15     | Entered Level 15 of the Dungeon
 17348 | D:15     | XOM: mild Necr miscast
 17370 | D:15     | XOM: mild Conj miscast
 17828 | D:15     | Killed a vault guard
 17894 | D:15     | XOM: harmless Tmut miscast
 18101 | D:15     | Noticed an ogre mage
 18102 | D:15     | Found a staircase to the Depths.
 18102 | D:15     | Noticed an ettin
 18111 | D:15     | XOM: chaos upgrade
 18147 | D:15     | Killed an ogre mage
 18551 | D:15     | XOM: enchant monster (good)
 18553 | D:15     | XOM: enchant monster (good)
 18709 | Orc:1    | Entered Level 1 of the Orcish Mines
 18723 | Orc:1    | XOM: confuse monster(s)
 18734 | Orc:1    | Found a flagged portal.
 18739 | Orc:1    | XOM: cleaving
 18754 | Orc:1    | XOM: cleaving
 18761 | Orc:1    | XOM: 1-stop teleportation journey
 18910 | Orc:1    | HP: 1/96 [orc/+0 trident (9)]
 18911 | Orc:1    | Slain by a warg

Skill      XL: |  1  2  3  4  5  6  7  8  9 10 11 12 13 |
---------------+----------------------------------------+-----
Long Blades    | 4 5 6 8 10 11 13 14 15 | 15.5
Dodging        | 3 4 6 7 8 9 10 11 | 11.5
Fighting       | 4 5 6 7 8 9 10 11 | 11.7
Shields        | 3 4 |  4.1

Action                   |  1- 3 |  4- 6 |  7- 9 | 10-12 | 13-15 || total
-------------------------+-------+-------+-------+-------+-------++-------
Melee: Falchion          |    61 |   124 |   276 |   697 |   195 ||  1353
       Constrict         |    20 |    35 |    76 |    91 |    27 ||   249
       Tentacles         |     4 |    27 |    77 |   168 |    59 ||   335
       Kick              |       |       |       |   148 |    67 ||   215
Throw: Tomahawk          |       |       |       |     3 |       ||     3
Evoke: Lamp of fire      |       |       |       |       |     1 ||     1
  Use: Scroll            |       |     8 |     2 |    11 |     3 ||    24
       Potion            |       |       |     5 |    10 |     6 ||    21
 Stab: Sleeping          |     6 |     5 |     7 |    19 |     1 ||    38
       Paralysed         |       |     5 |     7 |     3 |       ||    15
       Invisible         |       |       |     4 |     1 |       ||     5
       Confused          |       |       |     5 |     3 |     2 ||    10
       Petrifying        |       |       |     1 |     1 |     1 ||     3
       Distracted        |       |       |       |     1 |       ||     1
  Eat: Chunk             |     7 |    10 |    11 |    44 |    13 ||    85
       Ration            |       |       |       |     1 |       ||     1
Armor: Skin              |    16 |    26 |    74 |    59 |    11 ||   186
Dodge: Dodged            |    39 |   103 |   223 |   364 |    91 ||   820
Block: Buckler           |       |       |       |   113 |    25 ||   138
       Rpst.: Falchion   |    13 |    36 |    61 |   101 |    21 ||   232
